PIO (24 & UNDER)
CHULA VISTA TACOS @ SASKATOON SMOKIN' GUNS
09/06/2025
 
TOP OF THE 1ST
Chula Vista Tacos batting - Pitching for Saskatoon Smokin' Guns : LHP Macy Catron
Pitching: LHP Macy Catron
Batting: RHB Gustavo Torres 0-0: Called Strike
0-1: Ball
1-1: Fly out, F4 (Line Drive, 4MD)
Batting: LHB Michael Myers 0-0: Called Strike
0-1: Foul Ball, location: 2F
0-2: Foul Ball, location: 2F
0-2: Strikes out swinging
Batting: RHB Johnny Williams 0-0: Fly out, F7 (Flyball, 78M)
Top of the 1st over - 0 run(s), 0 hit(s), 0 error(s), 0 left on base; Chula Vista 0 - Saskatoon 0
BOTTOM OF THE 1ST
Saskatoon Smokin' Guns batting - Pitching for Chula Vista Tacos : RHP Manuel González
Pitching: RHP Manuel González
Batting: RHB Xavier López 0-0: Called Strike
0-1: Ground out 6-3 (Groundball, 6M)
Batting: SHB Michael Miller 0-0: Ball
1-0: Ball
2-0: Fly out, F7 (Flyball, 7LS)
Batting: LHB José Liñares 0-0: Ball
1-0: Ground out U3 (Groundball, 3S)
Bottom of the 1st over - 0 run(s), 0 hit(s), 0 error(s), 0 left on base; Chula Vista 0 - Saskatoon 0
TOP OF THE 2ND
Chula Vista Tacos batting - Pitching for Saskatoon Smokin' Guns : LHP Macy Catron
Batting: SHB Walt Rodgers 0-0: Ball
1-0: Called Strike
1-1: Ball
2-1: Swinging Strike
2-2: Strikes out swinging
Batting: RHB Manny Torrez 0-0: Swinging Strike
0-1: Ball
1-1: Ball
2-1: SINGLE (Line Drive, 89S)
Batting: RHB José Oliveira 0-0: Ball
1-0: Ball
2-0: Called Strike
2-1: Ball
3-1: Foul Ball, location: 2F
3-2: Foul Ball, location: 2F
3-2: Foul Ball, location: 2F
3-2: Ground out 5-3 (Groundball, 5S)
Manny Torrez to second
Batting: SHB Michael Aisher 0-0: Called Strike
0-1: Called Strike
0-2: Fly out, F8 (Flyball, 8RM)
Top of the 2nd over - 0 run(s), 1 hit(s), 0 error(s), 1 left on base; Chula Vista 0 - Saskatoon 0
BOTTOM OF THE 2ND
Saskatoon Smokin' Guns batting - Pitching for Chula Vista Tacos : RHP Manuel González
Batting: LHB Raúl Casillán 0-0: Ball
1-0: Ball
2-0: Called Strike
2-1: Swinging Strike
2-2: Foul Ball, location: 2F
2-2: Strikes out swinging
Batting: LHB Russell Peck 0-0: Ball
1-0: Ball
2-0: Ball
3-0: Called Strike
3-1: Base on Balls
Batting: RHB Peter Bryant 0-0: Foul Ball, location: 2F
0-1: Ball
1-1: Called Strike
1-2: Ball
2-2: SINGLE (Flyball, 89S)
Russell Peck to second
Runner from 2nd tries for 3rd, SAFE, throw made to third
Batting: RHB Alvin Hampton 0-0: Ball
1-0: Foul Ball, location: 2F
1-1: Ball
2-1: DOUBLE (Line Drive, 56D)
Russell Peck scores
Peter Bryant to third
Batting: RHB César Rodríguez 0-0: Fly out, F8 (Flyball, 8LM)
Runner from 3rd tags up, SCORES, no throw
Batting: RHB Henry Jackson 0-0: Called Strike
0-1: Swinging Strike
0-2: Ground out 6-3 (Groundball, 6M)
Bottom of the 2nd over - 2 run(s), 2 hit(s), 0 error(s), 1 left on base; Chula Vista 0 - Saskatoon 2
TOP OF THE 3RD
Chula Vista Tacos batting - Pitching for Saskatoon Smokin' Guns : LHP Macy Catron
Batting: LHB Dennis Lovett 0-0: Called Strike
0-1: Ball
1-1: Fly out, F8 (Flyball, 8LM)
Batting: RHB Ron Garrett 0-0: Ground out 6-3 (Groundball, 6)
Batting: RHB Gustavo Torres 0-0: Ground out 5-3 (Groundball, 5S)
Top of the 3rd over - 0 run(s), 0 hit(s), 0 error(s), 0 left on base; Chula Vista 0 - Saskatoon 2
BOTTOM OF THE 3RD
Saskatoon Smokin' Guns batting - Pitching for Chula Vista Tacos : RHP Manuel González
Batting: RHB Xavier López 0-0: Foul Ball, location: 2F
0-1: Ball
1-1: Foul Ball, location: 2F
1-2: Foul Ball, location: 2F
1-2: Fly out, F7 (Flyball, 78M)
Batting: SHB Michael Miller 0-0: Called Strike
0-1: Foul Ball, location: 2F
0-2: Strikes out looking
Batting: LHB José Liñares 0-0: Ball
1-0: Ball
2-0: Ball
3-0: Called Strike
3-1: Called Strike
3-2: Strikes out swinging
Bottom of the 3rd over - 0 run(s), 0 hit(s), 0 error(s), 0 left on base; Chula Vista 0 - Saskatoon 2
TOP OF THE 4TH
Chula Vista Tacos batting - Pitching for Saskatoon Smokin' Guns : LHP Macy Catron
Batting: LHB Michael Myers 0-0: Foul Ball, location: 2F
0-1: Foul Ball, location: 2F
0-2: Ball
1-2: Foul Ball, location: 2F
1-2: Ball
2-2: SINGLE (Line Drive, 89S)
Batting: RHB Johnny Williams 0-0: SINGLE (Line Drive, 8LS)
Michael Myers to second
Batting: SHB Walt Rodgers 0-0: Called Strike
0-1: Grounds into double play, 5-4-3 (Groundball, 56)
Michael Myers to third
Batting: RHB Manny Torrez 0-0: Called Strike
0-1: Ball
1-1: Foul Ball, location: 2F
1-2: Foul Ball, location: 2F
1-2: Ball
2-2: Foul Ball, location: 2F
2-2: Ball
Wild Pitch!
Michael Myers scores
3-2: Strikes out looking
Top of the 4th over - 1 run(s), 2 hit(s), 0 error(s), 0 left on base; Chula Vista 1 - Saskatoon 2
BOTTOM OF THE 4TH
Saskatoon Smokin' Guns batting - Pitching for Chula Vista Tacos : RHP Manuel González
Batting: LHB Raúl Casillán 0-0: Ball
1-0: Ball
2-0: Ball
3-0: Called Strike
3-1: Fly out, F9 (Flyball, 89M)
Batting: LHB Russell Peck 0-0: Swinging Strike
0-1: Ball
1-1: Swinging Strike
1-2: Strikes out swinging
Batting: RHB Peter Bryant 0-0: Ball
1-0: Called Strike
1-1: Fly out, F9 (Flyball, 9M)
Bottom of the 4th over - 0 run(s), 0 hit(s), 0 error(s), 0 left on base; Chula Vista 1 - Saskatoon 2
TOP OF THE 5TH
Chula Vista Tacos batting - Pitching for Saskatoon Smokin' Guns : LHP Macy Catron
Batting: RHB José Oliveira 0-0: Ball
1-0: Foul Ball, location: 2F
1-1: Ball
2-1: Called Strike
2-2: Ground out 4-3 (Groundball, 4M)
Batting: SHB Michael Aisher 0-0: Ball
1-0: Swinging Strike
1-1: Foul Ball, location: 2F
1-2: Strikes out swinging
Batting: LHB Dennis Lovett 0-0: Reached on error, E3 (Groundball, 3S)
Batting: RHB Ron Garrett 0-0: Swinging Strike
0-1: Ball
1-1: Ball
2-1: Ground out 5-3 (Groundball, 56S)
Top of the 5th over - 0 run(s), 0 hit(s), 1 error(s), 1 left on base; Chula Vista 1 - Saskatoon 2
BOTTOM OF THE 5TH
Saskatoon Smokin' Guns batting - Pitching for Chula Vista Tacos : RHP Manuel González
Batting: RHB Alvin Hampton 0-0: Swinging Strike
0-1: SINGLE (Groundball, 56D)
Batting: RHB César Rodríguez 0-0: Ball
1-0: Fly out, F9 (Flyball, 9D)
Batting: RHB Henry Jackson 0-0: Ball
1-0: Called Strike
1-1: Foul Ball, location: 2F
1-2: Reached on error, E6 (Groundball, 6M)
Alvin Hampton to second
Batting: RHB Xavier López 0-0: Called Strike
0-1: Ball
1-1: Called Strike
1-2: Ball
2-2: Strikes out swinging
Batting: SHB Michael Miller 0-0: SINGLE (Line Drive, 8LS)
Alvin Hampton to third
Henry Jackson to second
Runner from 3rd tries for Home, SAFE, no throw or cutoff
Batting: LHB José Liñares 0-0: Ball
1-0: Ball
2-0: Called Strike
2-1: Swinging Strike
2-2: Foul Ball, location: 2F
2-2: Hit by Pitch
Henry Jackson to third
Michael Miller to second
Batting: LHB Raúl Casillán 0-0: SINGLE (Groundball, 34)
Henry Jackson scores
Michael Miller to third
José Liñares to second
Runner from 3rd tries for Home, SAFE, no throw or cutoff
Batting: LHB Russell Peck 0-0: Ground out 4-3 (Groundball, 4)
Bottom of the 5th over - 3 run(s), 3 hit(s), 1 error(s), 2 left on base; Chula Vista 1 - Saskatoon 5
TOP OF THE 6TH
Chula Vista Tacos batting - Pitching for Saskatoon Smokin' Guns : LHP Macy Catron
Batting: RHB Gustavo Torres 0-0: Called Strike
0-1: Foul Ball, location: 2F
0-2: Ball
1-2: Ball
2-2: Foul Ball, location: 2F
2-2: Ground out 6-3 (Groundball, 6)
Batting: LHB Michael Myers 0-0: Ball
1-0: Foul Ball, location: 2F
1-1: Ground out 4-3 (Groundball, 4M)
Batting: RHB Johnny Williams 0-0: Called Strike
0-1: Ball
1-1: Foul Ball, location: 2F
1-2: Ball
2-2: Strikes out swinging
Top of the 6th over - 0 run(s), 0 hit(s), 0 error(s), 0 left on base; Chula Vista 1 - Saskatoon 5
BOTTOM OF THE 6TH
Saskatoon Smokin' Guns batting - Pitching for Chula Vista Tacos : RHP Manuel González
Batting: RHB Peter Bryant 0-0: Ball
1-0: Called Strike
1-1: DOUBLE (Line Drive, 89M)
Pitching: RHP Bobby Booker
Batting: RHB Alvin Hampton 0-0: Ground out 5-3 (Groundball, 56)
Batting: RHB César Rodríguez 0-0: Intentional Walk
Batting: RHB Henry Jackson 0-0: Swinging Strike
0-1: Ball
1-1: Foul Ball, location: 2F
1-2: Ball
Wild Pitch!
Peter Bryant to third
César Rodríguez to second
2-2: Foul Ball, location: 2F
2-2: Foul Ball, location: 2F
2-2: Foul Ball, location: 2F
2-2: Hit by Pitch
Batting: RHB Xavier López 0-0: Ball
1-0: Called Strike
1-1: Swinging Strike
1-2: Fielders Choice at 2nd, 4-6 (Groundball, 4M)
Peter Bryant scores
César Rodríguez to third
Batting: SHB Michael Miller 0-0: Called Strike
0-1: Fly out, F7 (Flyball, 7M)
Bottom of the 6th over - 1 run(s), 1 hit(s), 0 error(s), 2 left on base; Chula Vista 1 - Saskatoon 6
TOP OF THE 7TH
Chula Vista Tacos batting - Pitching for Saskatoon Smokin' Guns : LHP Macy Catron
Batting: SHB Walt Rodgers 0-0: Ball
1-0: Foul Ball, location: 2F
1-1: Foul Ball, location: 2F
1-2: Ball
2-2: Strikes out swinging
Batting: RHB Manny Torrez 0-0: Called Strike
0-1: Ball
1-1: Ball
2-1: Foul Ball, location: 2F
2-2: Foul Ball, location: 2F
2-2: Foul Ball, location: 2F
2-2: Ball
3-2: Base on Balls
Pitching: RHP Luis Mejía
Batting: RHB José Oliveira 0-0: Called Strike
Manny Torrez steals 2nd base
0-1: Called Strike
0-2: Foul Ball, location: 2F
0-2: Ball
1-2: Ball
2-2: Strikes out swinging
Batting: SHB Michael Aisher 0-0: Ball
1-0: Ball
2-0: Ball
3-0: Called Strike
3-1: Foul Ball, location: 2F
3-2: Ground out 5-3 (Groundball, 5S)
Top of the 7th over - 0 run(s), 0 hit(s), 0 error(s), 1 left on base; Chula Vista 1 - Saskatoon 6
BOTTOM OF THE 7TH
Saskatoon Smokin' Guns batting - Pitching for Chula Vista Tacos : RHP Bobby Booker
Batting: LHB José Liñares 0-0: Called Strike
0-1: Ball
1-1: Foul Ball, location: 2F
1-2: Fly out, F7 (Flyball, 7S)
Batting: LHB Raúl Casillán 0-0: DOUBLE (Flyball, 89D)
Batting: LHB Russell Peck 0-0: Ball
1-0: Ball
2-0: Called Strike
2-1: Called Strike
2-2: Strikes out swinging
Batting: RHB Peter Bryant 0-0: Hit by Pitch
Batting: RHB Alvin Hampton 0-0: Called Strike
0-1: Ground out 6-3 (Groundball, 6)
Bottom of the 7th over - 0 run(s), 1 hit(s), 0 error(s), 2 left on base; Chula Vista 1 - Saskatoon 6
TOP OF THE 8TH
Chula Vista Tacos batting - Pitching for Saskatoon Smokin' Guns : RHP Luis Mejía
Batting: LHB Dennis Lovett 0-0: Foul Ball, location: 2F
0-1: Ground out 4-3 (Groundball, 4)
Batting: RHB Ron Garrett 0-0: Ball
1-0: Ground out 6-3 (Groundball, 6)
Batting: RHB Gustavo Torres 0-0: Ball
1-0: Called Strike
1-1: Ball
2-1: Foul Ball, location: 2F
2-2: Ground out 5-3 (Groundball, 56S)
Top of the 8th over - 0 run(s), 0 hit(s), 0 error(s), 0 left on base; Chula Vista 1 - Saskatoon 6
BOTTOM OF THE 8TH
Saskatoon Smokin' Guns batting - Pitching for Chula Vista Tacos : RHP Bobby Booker
Pitching: RHP Andre Huff
Batting: RHB César Rodríguez 0-0: Called Strike
0-1: Foul Ball, location: 2F
0-2: Strikes out looking
Batting: RHB Henry Jackson 0-0: Ball
1-0: Swinging Strike
1-1: Hit by Pitch
Batting: RHB Xavier López 0-0: Called Strike
0-1: Ball
1-1: SINGLE (Line Drive, 78S)
Henry Jackson to second
Batting: SHB Michael Miller 0-0: Ball
1-0: Ball
2-0: Called Strike
Henry Jackson is caught stealing 3rd base
Xavier López to second
2-1: Ball
3-1: Foul Ball, location: 2F
3-2: Strikes out swinging
Bottom of the 8th over - 0 run(s), 1 hit(s), 0 error(s), 1 left on base; Chula Vista 1 - Saskatoon 6
TOP OF THE 9TH
Chula Vista Tacos batting - Pitching for Saskatoon Smokin' Guns : RHP Luis Mejía
Batting: LHB Michael Myers 0-0: Ball
1-0: Foul Ball, location: 2F
1-1: Ball
2-1: Ball
3-1: Base on Balls
Batting: RHB Johnny Williams 0-0: Ball
1-0: Swinging Strike
1-1: Called Strike
1-2: Foul Ball, location: 2F
1-2: Ball
2-2: SINGLE (Groundball, 4MD)
Michael Myers to second
Runner from 2nd tries for 3rd, SAFE, throw made to third
Batting: SHB Walt Rodgers 0-0: Ball
1-0: Ball
2-0: Ball
3-0: Called Strike
3-1: Base on Balls
Johnny Williams to second
Pitching: RHP Melvin Hicks
Batting: RHB Manny Torrez 0-0: Called Strike
0-1: Swinging Strike
0-2: Ball
1-2: Fly out, F9 (Flyball, 89D)
Runner from 3rd tags up, SCORES, no throw
Batting: RHB José Oliveira 0-0: Ball
1-0: Fly out, F5 (Popup, 5F)
Batting: SHB Michael Aisher 0-0: SINGLE (Line Drive, 78M)
Johnny Williams to third
Walt Rodgers to second
Runner from 3rd tries for Home, throw and OUT!
Top of the 9th over - 1 run(s), 2 hit(s), 0 error(s), 2 left on base; Chula Vista 2 - Saskatoon 6
This league is powered by Out of the Park Baseball, the baseball management simulation game for PC, Mac and Linux
Tuesday, August 2nd, 2016 - OOTP Baseball 16.8 Build 38